 Dungeon Crawl Stone Soup version 0.30-a0-605-gb2882149bf (webtiles) character file.

Game seed: 16068858279870882857

33 NinjaNoafa the Ducker (level 3, -4/28 HPs)
             Began as a Merfolk Gladiator on Jan 7, 2023.
             Slain by an orc priest
             ... wielding a +0 war axe
              (9 damage)
             ... on level 4 of the Dungeon on Jan 8, 2023.
             The game lasted 00:04:54 (1360 turns).

NinjaNoafa the Ducker (Merfolk Gladiator)           Turns: 1360, Time: 00:04:54

Health: -4/28      AC:  4    Str: 14    XL:     3   Next: 29%
Magic:  3/3        EV: 13    Int:  7    God:
Gold:   117        SH:  0    Dex: 17    Spells: 2/2 levels left

rFire   . . .      SeeInvis .    a - +0 rapier
rCold   . . .      Faith    .    (no shield)
rNeg    . . .      Spirit   .    b - +0 leather armour
rPois   .          Reflect  .    c - +0 helmet
rElec   .          Harm     .    (no cloak)
rCorr   .          Rampage  .    (no gloves)
Will    .....                    (no boots)
Stlth   ++                       (no amulet)
HPRegen 0.24/turn                (no ring)
MPRegen 0.08/turn                (no ring)

@: no status effects
A: (nimble swimmer 2), mertail
a: no special abilities


You were on level 4 of the Dungeon.
You visited 1 branch of the dungeon, and saw 4 of its levels.

You collected 117 gold pieces.

Inventory:

Hand Weapons
 a - a +0 rapier (weapon)
Missiles
 d - 3 throwing nets
 e - a javelin (quivered)
 h - 4 poisoned darts
 k - 5 atropa-tipped darts
Armour
 b - a +0 leather armour (worn)
 c - a +0 helmet (worn)
Scrolls
 f - 3 scrolls of identify {unknown}
 g - a scroll of fog {unknown}
 i - 2 scrolls of magic mapping {unknown}
Potions
 j - a potion of curing {unknown}


   Skills:
 + Level 2.6 Fighting
 + Level 4.0 Short Blades
 + Level 2.1 Throwing
 + Level 4.4 Dodging
 + Level 1.4 Stealth


You had 2 spell levels left.
You didn't know any spells.
Your spell library contained the following spells:

 Spells                   Type           Power      Damage    Failure   Level
 Kindle Blastsparks       Fire/Tloc/Air  0%         2d10      87%         3
 Fulminant Prism          Conj/Hex       0%         3d5       99%         4
 Iskenderun's Mystic Bla  Conj/Tloc      0%         2d3       99%         4
 Lee's Rapid Deconstruct  Erth           0%         3d4*      100%        5


Dungeon Overview and Level Annotations

Branches:
Dungeon (4/15)
 Temple: D:4-7

Altars:


Innate Abilities, Weirdness & Mutations

((You are very nimble when in or above water. (Stealth+, EV+, Speed+++)))
Your lower body shifts to a powerful aquatic tail in water.


Message History

Where to? (Enter - D:4, ? - help)
There is a stone staircase leading down here.
You climb downwards.
There is a stone staircase leading up here.
An orc priest comes into view. It is wielding a +0 war axe.
The orc priest shouts!
An orc priest is nearby!
The orc priest looks satisfied for a moment.
The orc priest looks encouraged for a moment.
Hit: a) +0 rapier
Press: ? - help, Dir - move target, f - orc priest
Aim: an orc priest, wielding a +0 war axe (about 35% to evade your +0 rapier)
You barely miss the orc priest.
A ball python comes into view.
The orc priest closely misses you.
Press: ? - help, v - describe, . - travel
Here: an orc priest, wielding a +0 war axe The floor.
Unknown command.
You closely miss the orc priest. The orc priest misses you.
The ball python hisses angrily.
You hit the orc priest.
The orc priest is lightly wounded.
The orc priest hits you with a +0 war axe.
You hit the orc priest.
The orc priest is moderately wounded.
The orc priest hits you with a +0 war axe.
You hit the orc priest.
The orc priest is heavily wounded.
The orc priest hits you with a +0 war axe!
You hit the orc priest but do no damage.
The orc priest is heavily wounded.
The orc priest calls down the wrath of Beogh upon you.
Pain shoots through your body!
* * * LOW HITPOINT WARNING * * *
You barely miss the orc priest.
The orc priest is heavily wounded.
The ball python misses you. x2
The orc priest hits you with a +0 war axe!
You die...

#....# #....
#....# #..#
#.##....####..#
#.##..........#
.###
#.##....####.##
....###.##....#
#.# .....#.##....#
#.#
###.#.#.##.So.#
#.#
........##.@..#
#.#
#.#..<##....####..
#...............##
#.############## #


You could see an orc priest and a ball python.

Vanquished Creatures
  A worm (D:3)
  3 ball pythons (D:1)
  4 endoplasms (D:1)
  3 goblins (D:1)
  7 hobgoblins
  A quokka (D:1)
  3 bats
  3 kobolds (D:1)
  A rat (D:1)
26 creatures vanquished.

Notes
Turn   | Place    | Note
-------+----------+-------------------------------------------
     0 | D:1      | NinjaNoafa the Merfolk Gladiator began the quest for the
                  | Orb.
     0 | D:1      | Reached XP level 1. HP: 16/16 MP: 1/1
   255 | D:1      | Reached XP level 2. HP: 21/23 MP: 2/2
   294 | D:1      | Reached skill level 1 in Stealth
   872 | D:1      | Reached XP level 3. HP: 23/28 MP: 3/3
  1126 | D:2      | Found a faded altar of an unknown god.
  1360 | D:4      | Slain by an orc priest

Illustrated notes

Levels and vault maps discovered:
D:1:      minmay_arrival_checkered_box, layout_basic, serial_curves,
          eino_curves_02, eino_curves_04, eino_curves_01, eino_curves_02
D:2:      layout_basic, shapermc_ecumenical_altar_mp_highgroup, minivault_11,
          serial_park_tiny_1, minmay_misc_feat_doors, uniq_terence
D:3:      layout_basic, mainiacjoe_overflow_concentric_impassable
D:4:      layout_basic, nicolae_overflow_crystal_walls, nrook_mini_vaults

Skill      XL: |  1  2 |
---------------+-------+-----
Stealth        | 1 |  1.4
Short Blades   | 4 |  4.0
Fighting       | |  2.6
Throwing       | |  2.1
Dodging        | |  4.4

Action                   || total
-------------------------++-------
Melee: Rapier            ||    85
Throw: Javelin           ||     5
       Dart              ||     1
       Throwing net      ||     1
 Stab: Sleeping          ||     2
       Held in net/web   ||     1
Armor: Leather armour    ||    26
Dodge: Dodged            ||    75

Table legend: (Time is in decaauts)
 A = Elapsed time spent in this place.
 B = Non-inter-level travel time spent in this place.
 C = Inter-level travel time spent in this place.
 D = Time resting spent in this place.
 E = Time spent auto-exploring this place.
 F = Levels seen in this place.
 G = Mean time per level.
                   A        B        C        D        E       F      G
               +--------+--------+--------+--------+--------+-----+--------+
         Total |   1361 |   1289 |     72 |      0 |   1048 |   4 |  340.2 |
       Dungeon |   1361 |   1289 |     72 |      0 |   1048 |   4 |  340.2 |
               +--------+--------+--------+--------+--------+-----+--------+

Top non-repeatable levels by time:
     D:1: 1121 daAuts
     D:3: 103 daAuts
     D:2: 96 daAuts
     D:4: 39 daAuts
